[Event "Titled Tuesday Blitz April 26 Early 2022"]
[White "Matamoros Franco, Carlos S."]
[Black "Maksimovic, Bojan"]
[WhiteFideId "3600017"]
[BlackFideId "14408120"]
[WhiteElo "2554"]
[BlackElo "2448"]
[Result "0-1"]
[Round "04"]
[TimeControl "180+1"]
[Date "2022.04.26"]
[WhiteClock "0:00:23"]
[BlackClock "0:00:05"]

1. c4 Nf6 2. g3 g6 3. Bg2 Bg7 4. Nc3 d6 5. d4 O-O 6. Nf3 Nbd7 7. O-O e5 8. e4 exd4 9. Nxd4 a6 10. b3 Rb8 11. Be3 Re8 12. h3 c5 13. Nde2 b5 14. Qxd6 b4 15. Na4 Nxe4 16. Bxe4 Bxa1 17. Rxa1 Rxe4 18. Rd1 Re8 19. Nxc5 Qe7 20. Qxe7 Rxe7 21. Nf4 Nxc5 22. Bxc5 Rd7 23. Nd5 Kg7 24. Bd4+ Kf8 25. Bc5+ Kg7 26. Bd4+ f6 27. Bxf6+ Kf7 28. Be5 Rbb7 29. Rd3 Rd8 30. Rf3+ Ke6 31. Re3 Kf7 32. Rf3+ Ke6 33. Bd4 Kd6 34. Rf6+ Be6 35. Nf4 Re8 36. c5+ Kd7 37. c6+ Kxc6 38. Nxe6 Kd5 39. Nc5 Rbe7 40. Be3 Rxe3 41. fxe3 Kxc5 42. Kf2 a5 43. Rf4 Rd8 44. Rc4+ Kb5 45. Ke2 a4 46. g4 Rd7 47. h4 Rf7 48. g5 Re7 49. Rd4 a3 50. Rd5+ Kc6 51. Rd4 Kc5 52. Rd5+ Kxd5 0-1


[Site "https://www.chess.com"]

[Event "Titled Tuesday Blitz April 26 Early 2022"]
[White "Matveeva, Olga"]
[Black "Pesotskiy, Mikhail"]
[WhiteFideId "24107018"]
[BlackFideId "34164453"]
[WhiteElo "2083"]
[BlackElo "2010"]
[Result "1/2-1/2"]
[Round "04"]
[TimeControl "180+1"]
[Date "2022.04.26"]
[WhiteClock "0:00:23"]
[BlackClock "0:00:25"]

1. d4 Nf6 2. c4 e6 3. g3 Bb4+ 4. Bd2 a5 5. Nf3 O-O 6. Bg2 b6 7. O-O Bb7 8. Bg5 Be7 9. Nc3 Ne4 10. Bxe7 Qxe7 11. Qc2 Nxc3 12. Qxc3 Be4 13. Rfd1 d6 14. Nd2 Bxg2 15. Kxg2 Nd7 16. b3 e5 17. dxe5 Nxe5 18. Nf3 Rfe8 19. Nxe5 Qxe5 20. Qxe5 Rxe5 21. Rd2 Rae8 22. e3 Re4 23. Kf3 a4 24. Rad1 f5 25. Rd4 Rxd4 26. Rxd4 axb3 27. axb3 Ra8 28. Rd5 g6 29. h4 Ra3 30. Rb5 Kf7 31. h5 Kf6 32. hxg6 hxg6 33. g4 fxg4+ 34. Kxg4 Ra2 35. f3 Rg2+ 36. Kf4 g5+ 37. Ke4 g4 38. f4 Rb2 39. Rf5+ Ke7 40. Rg5 Rxb3 41. Rg7+ Kd8 42. Rxg4 Kd7 43. f5 Rb4 44. Rg7+ Kc6 45. Kd3 Rb3+ 46. Kd4 Rb1 47. e4 Rf1 48. Rg6 Kd7 49. Rg7+ Kc6 50. Rh7 Rd1+ 51. Kc3 Rf1 52. Kd4 Rd1+ 53. Ke3 Rf1 54. Ke2 Rf4 55. Ke3 Rf1 56. Kd4 1/2-1/2


[Site "https://www.chess.com"]

[Event "Titled Tuesday Blitz April 26 Early 2022"]
[White "Melaugh, Shane"]
[Black "Ning, Kaiyu"]
[WhiteFideId "2509580"]
[BlackFideId "8614750"]
[WhiteElo "1972"]
[BlackElo "2013"]
[Result "0-1"]
[Round "04"]
[TimeControl "180+1"]
[Date "2022.04.26"]
[WhiteClock "0:00:03"]
[BlackClock "0:00:07"]

1. c4 e5 2. Nc3 Nf6 3. Nf3 Nc6 4. e4 Bb4 5. d3 d6 6. h3 Bc5 7. Be2 O-O 8. Be3 a6 9. O-O h6 10. a3 Be6 11. b4 Ba7 12. Ne1 Nd7 13. Bxa7 Rxa7 14. f4 f5 15. Nd5 Nd4 16. fxe5 Nxe5 17. exf5 Bxf5 18. Rf4 Ne6 19. Rf1 Qg5 20. Qc1 Qh4 21. Qe3 Raa8 22. Nf3 Nxf3+ 23. Rxf3 Rae8 24. Qf2 Qd4 25. Rf1 c6 26. Ne3 Bxd3 27. Bxd3 Qxd3 28. Nf5 Qe4 29. Qg3 Qe5 30. Nxd6 Qd4+ 31. Kh1 Rxf3 32. Rxf3 Rd8 33. Nf5 Qa1+ 34. Kh2 Ng5 35. h4 Nxf3+ 36. Qxf3 Qe5+ 37. Ng3 Rf8 38. c5 Rxf3 39. gxf3 0-1


[Site "https://www.chess.com"]

[Event "Titled Tuesday Blitz April 26 Early 2022"]
[White "Melikhov, Evgeny V."]
[Black "Vagman, Roy"]
[WhiteFideId "4122046"]
[BlackFideId "2828995"]
[WhiteElo "1931"]
[BlackElo "1927"]
[Result "0-1"]
[Round "04"]
[TimeControl "180+1"]
[Date "2022.04.26"]
[WhiteClock "0:00:02"]
[BlackClock "0:00:19"]

1. d4 Nf6 2. c4 g6 3. Nc3 Bg7 4. e4 d6 5. f3 O-O 6. Be3 Nc6 7. Nge2 e5 8. d5 Ne7 9. g4 a5 10. h4 Nxg4 11. fxg4 Bxg4 12. Qd2 f5 13. exf5 Nxf5 14. Bg5 Qd7 15. Qd3 Rae8 16. Ne4 h6 17. Bd2 Nd4 18. O-O-O Rf3 19. Be3 Nf5 20. Bg1 Rxd3 21. Rxd3 Nd4 22. N2c3 Qf5 23. Bg2 h5 24. Be3 Bf3 25. Rf1 Bxg2 26. Rxf5 gxf5 27. Ng5 f4 28. Bf2 e4 29. Rxd4 Bxd4 30. Bxd4 e3 31. Ne6 Bf3 32. Bf6 Bg4 33. Bg5 Bxe6 34. dxe6 Rxe6 35. Kd1 f3 36. Ke1 c6 37. Nd1 e2 38. Nf2 d5 39. cxd5 cxd5 40. Nd3 b5 41. Kf2 Rc6 42. Ne1 b4 43. b3 a4 44. bxa4 Ra6 45. Nxf3 Rxa4 46. Kxe2 Rxa2+ 47. Kd3 Ra3+ 48. Ke2 b3 49. Nd2 Ra2 50. Kd3 Ra3 51. Kc3 d4+ 52. Kb2 Ra6 53. Kxb3 Rc6 54. Nf3 Rc3+ 55. Kb2 Rxf3 56. Kc2 Kf7 57. Kd2 Ke6 58. Bh6 Rh3 59. Bg5 Kd5 60. Ke2 Ke4 61. Kd2 Rh2+ 62. Kd1 Kd3 63. Ke1 Re2+ 64. Kd1 Re4 65. Kc1 Kc3 66. Kd1 d3 67. Bf6+ Kc4 68. Bg7 Re2 69. Bf6 Rg2 70. Bh8 Kd5 71. Bf6 Ke4 72. Ke1 Kf3 0-1


[Site "https://www.chess.com"]

[Event "Titled Tuesday Blitz April 26 Early 2022"]
[White "Mihailidis, Anastasios"]
[Black "Nozdrachev, Leonid"]
[WhiteFideId "4205588"]
[BlackFideId "24113433"]
[WhiteElo "2312"]
[BlackElo "2242"]
[Result "0-1"]
[Round "04"]
[TimeControl "180+1"]
[Date "2022.04.26"]
[WhiteClock "0:02:06"]
[BlackClock "0:02:00"]

1. e4 d6 2. d4 Nf6 3. Bd3 Nc6 4. Ne2 d5 5. e5 Ne4 6. Bxe4 dxe4 7. Be3 Bg4 8. c3 f6 9. exf6 exf6 10. O-O Bd6 11. Nd2 f5 12. h3 Bh5 13. Re1 f4 14. Nxe4 fxe3 15. Nxd6+ Qxd6 16. Ng3 Bxd1 17. Rxe3+ Kd7 18. Rxd1 Rae8 19. Rde1 Rxe3 20. Rxe3 Re8 21. Ne4 Qd5 22. Nc5+ Qxc5 23. dxc5 Rxe3 24. fxe3 Ke6 25. e4 Ke5 26. Kf2 Kxe4 27. Ke2 a5 28. a3 a4 29. Kd2 Kd5 30. Kd3 0-1


[Site "https://www.chess.com"]

[Event "Titled Tuesday Blitz April 26 Early 2022"]
[White "Miszler, Levente"]
[Black "Shtyka, Sergey"]
[WhiteFideId "763276"]
[BlackFideId "4138465"]
[WhiteElo "1966"]
[BlackElo "2014"]
[Result "0-1"]
[Round "04"]
[TimeControl "180+1"]
[Date "2022.04.26"]
[WhiteClock "0:00:39"]
[BlackClock "0:00:52"]

1. Nf3 c5 2. c4 Nc6 3. Nc3 g6 4. d4 cxd4 5. Nxd4 Bg7 6. Nxc6 bxc6 7. g3 e6 8. Bg2 d5 9. O-O Ne7 10. Bg5 O-O 11. Qb3 h6 12. Bf4 Ba6 13. c5 e5 14. Bd2 d4 15. Ne4 Bxe2 16. Rfe1 Bg4 17. Qa3 Be6 18. Ba5 Qd7 19. Rad1 f5 20. Nd6 Kh7 21. Bf1 e4 22. Bc4 Bxc4 23. Nxc4 d3 24. Bc3 Nd5 25. Bxg7 Qxg7 26. f3 Qd4+ 0-1


[Site "https://www.chess.com"]

[Event "Titled Tuesday Blitz April 26 Early 2022"]
[White "Mohammadian, Mohammad"]
[Black "Clawitter, Craig"]
[WhiteFideId "12566055"]
[BlackFideId "2023105"]
[WhiteElo "1544"]
[BlackElo "2240"]
[Result "0-1"]
[Round "04"]
[TimeControl "180+1"]
[Date "2022.04.26"]
[WhiteClock "0:00:02"]
[BlackClock "0:00:21"]

1. e4 e6 2. d4 d5 3. Nd2 Be7 4. c3 c5 5. exd5 exd5 6. dxc5 Nf6 7. Ngf3 O-O 8. b4 a5 9. Bb2 b6 10. cxb6 axb4 11. cxb4 Bxb4 12. Bd3 Re8+ 13. Be2 Ba6 14. Nd4 Ne4 15. O-O Bxe2 16. Qxe2 Nxd2 17. Qg4 Bf8 18. Nf5 g6 19. Rfd1 Nc4 20. Bd4 Nc6 21. Bc3 Qxb6 22. Rxd5 N4e5 23. Bxe5 Nxe5 24. Qd4 Qxd4 25. Rxd4 gxf5 26. Rd5 Bg7 27. Rad1 Bf6 28. R1d2 Rad8 29. Rxd8 Rxd8 30. Rxd8+ Bxd8 31. f3 Kf8 32. Kf1 Ke7 33. Ke2 Kd6 34. Kd2 Kc5 35. Kc2 Kb4 36. Kb2 Nc4+ 37. Kb1 Ka3 38. g4 fxg4 39. fxg4 Ne5 40. h3 Nf3 0-1


[Site "https://www.chess.com"]

[Event "Titled Tuesday Blitz April 26 Early 2022"]
[White "Moroni, Luca Jr"]
[Black "Karavade, Eesha"]
[WhiteFideId "865834"]
[BlackFideId "5012600"]
[WhiteElo "2805"]
[BlackElo "2544"]
[Result "1-0"]
[Round "04"]
[TimeControl "180+1"]
[Date "2022.04.26"]
[WhiteClock "0:00:46"]
[BlackClock "0:00:51"]

1. d4 Nf6 2. Bf4 d5 3. e3 c5 4. dxc5 e6 5. b4 a5 6. c3 axb4 7. cxb4 Nc6 8. Bb5 Bd7 9. Qb3 Ne4 10. Ne2 Qf6 11. O-O Qxa1 12. Nec3 Nxc3 13. Nxc3 Qxf1+ 14. Bxf1 Be7 15. a4 O-O 16. a5 e5 17. Bg3 Be6 18. Nxd5 Rfd8 19. Nxe7+ Nxe7 20. Qa4 f6 21. h3 Rd2 22. Qb5 Rd1 23. Kh2 Bd5 24. Bc4 Bxc4 25. Qxc4+ Kf8 26. Qb5 Ra7 27. Qb6 1-0


[Site "https://www.chess.com"]

[Event "Titled Tuesday Blitz April 26 Early 2022"]
[White "Moussard, Jules"]
[Black "Reprintsev, Alexander"]
[WhiteFideId "642908"]
[BlackFideId "14100541"]
[WhiteElo "2803"]
[BlackElo "2541"]
[Result "1-0"]
[Round "04"]
[TimeControl "180+1"]
[Date "2022.04.26"]
[WhiteClock "0:00:03"]
[BlackClock "0:00:06"]

1. Nf3 d5 2. g3 Nc6 3. Bg2 Bf5 4. c4 dxc4 5. Qa4 Qd7 6. Qxc4 Nf6 7. Nc3 e5 8. d3 Be7 9. Bg5 O-O 10. O-O a6 11. Rfd1 h6 12. Bxf6 Bxf6 13. Nd5 Bd8 14. d4 Na5 15. Qc5 b6 16. Nxe5 bxc5 17. Nxd7 Bxd7 18. dxc5 Bc6 19. b4 Nc4 20. Rac1 Ne5 21. f4 Ng6 22. h4 Rb8 23. a3 Re8 24. Kf2 Ba4 25. Rd2 Nf8 26. e4 a5 27. bxa5 Rb3 28. Rc3 Ne6 29. a6 Rxc3 30. Nxc3 Nxc5 31. a7 Bc6 32. e5 Bxg2 33. Kxg2 Be7 34. Rb2 Nd7 35. Nd5 Bxa3 36. Ra2 Nb6 37. Nxc7 Rc8 38. Rxa3 Rxc7 39. a8=Q+ Nxa8 40. Rxa8+ Kh7 41. Ra2 h5 42. Ra3 Rc1 43. Kf3 g6 44. Ke4 Re1+ 45. Re3 Rd1 46. Rd3 Re1+ 47. Kd5 Kg7 48. Kd6 Re4 49. Ke7 Ra4 50. Rd7 Ra6 51. Ke8 Re6+ 52. Re7 Ra6 53. Rxf7+ Kh6 54. Rf6 Ra3 55. e6 Rxg3 56. e7 Ra3 57. Kf7 Ra7 58. Rxg6+ Kh7 59. Rf6 Rc7 60. Kf8 Rc6 61. Rxc6 1-0


[Site "https://www.chess.com"]

[Event "Titled Tuesday Blitz April 26 Early 2022"]
[White "Myshakov, Fyodor"]
[Black "Hoffmann, Asa"]
[WhiteFideId "14111284"]
[BlackFideId "2001470"]
[WhiteElo "2310"]
[BlackElo "2117"]
[Result "1/2-1/2"]
[Round "04"]
[TimeControl "180+1"]
[Date "2022.04.26"]
[WhiteClock "0:01:57"]
[BlackClock "0:00:13"]

1. c4 Nf6 2. Nc3 d6 3. d4 e5 4. dxe5 dxe5 5. Qxd8+ Kxd8 6. Bg5 c6 7. O-O-O+ Kc7 8. Bxf6 gxf6 9. g3 Be6 10. b3 h5 11. h4 Nd7 12. Bg2 f5 13. Nf3 f6 14. Bh3 Bc5 15. e4 Bxf2 16. exf5 Bf7 17. Ne4 Be3+ 18. Kc2 Rad8 19. Rhe1 Bb6 20. b4 Bxc4 21. a4 a5 22. Kc3 Bd5 23. b5 Bxe4 24. Rxe4 Nc5 25. Ree1 Nxa4+ 26. Kb3 cxb5 27. Bf1 Nc5+ 28. Kc3 b4+ 29. Kc4 b3 30. Kb5 a4 31. Nd2 Nd3 32. Bxd3 Rxd3 33. Nc4 Rxd1 34. Rxd1 Bd4 35. Kxa4 b2 36. Kb3 Rg8 37. Nxb2 Rxg3+ 38. Rd3 Rg4 39. Nc4 Rxh4 40. Nd2 Rf4 41. Nf3 e4 42. Nxd4 exd3 43. Ne6+ Kd6 44. Nxf4 Ke5 45. Nxh5 Kxf5 46. Kc3 Ke4 47. Nxf6+ Ke3 48. Nd5+ Ke2 49. Nf4+ Ke3 50. Nxd3 b5 51. Nc5 b4+ 52. Kb3 Kd4 53. Ne6+ Kd5 54. Nf4+ Ke4 55. Ne2 Kd3 56. Nc1+ Kd2 57. Na2 Kd3 58. Nc1+ Kd2 59. Na2 Kd3 60. Nc1+ 1/2-1/2


[Site "https://www.chess.com"]

[Event "Titled Tuesday Blitz April 26 Early 2022"]
[White "Nakamura, Hikaru"]
[Black "Danilenko, Dmitriy"]
[WhiteFideId "2016192"]
[BlackFideId "14120844"]
[WhiteElo "2850"]
[BlackElo "2606"]
[Result "1-0"]
[Round "04"]
[TimeControl "180+1"]
[Date "2022.04.26"]
[WhiteClock "0:00:15"]
[BlackClock "0:00:04"]

1. Nf3 f5 2. d3 d6 3. e4 e5 4. Nc3 c5 5. b4 cxb4 6. Nd5 Nf6 7. Bg5 Be7 8. Bxf6 Bxf6 9. Nxb4 Nc6 10. Nd5 Be6 11. c4 Qa5+ 12. Qd2 Qxd2+ 13. Kxd2 Bd8 14. h3 O-O 15. Be2 Rc8 16. Rhb1 b6 17. Ke1 Na5 18. exf5 Bxf5 19. Nd2 Bg5 20. Rd1 Be6 21. Bg4 Bxd2+ 22. Rxd2 Bxg4 23. hxg4 Nc6 24. a4 Kf7 25. f3 Ke6 26. Kf2 h6 27. Kg3 Ne7 28. Nxe7 Kxe7 29. a5 Rc7 30. axb6 axb6 31. Rb2 Rb8 32. Ra6 Rcb7 33. Rb5 Kd7 34. Kh4 Kc6 35. Kh5 Rf8 36. Ra1 Rf4 37. Rb3 Rd4 38. Ra8 Rf4 39. Rc8+ Kd7 40. Rg8 Kc6 41. Rd8 Rf6 42. Rb5 Ra7 43. Kh4 Ra2 44. Kg3 Ra3 45. Rb8 Ra6 46. Rb1 Rf7 47. Rd1 Rb7 48. Rc8+ Rc7 49. Rg8 Ra4 50. Kh4 b5 51. cxb5+ Kxb5 52. Kh5 Rd4 53. Rb1+ Kc5 54. Rc1+ Kb6 55. Rxc7 Kxc7 56. Rxg7+ Kc6 57. Kxh6 Rxd3 58. g5 Rd2 59. g6 Rxg2 60. Re7 Kd5 61. g7 Rh2+ 62. Kg6 Rg2+ 63. Kf7 Kd4 64. Ke6 d5 65. Rd7 Rg6+ 66. Kf7 Rg1 67. g8=Q Rxg8 68. Kxg8 e4 69. f4 e3 70. Re7 Kd3 71. f5 d4 72. f6 e2 73. f7 Kd2 74. f8=Q d3 75. Qf2 1-0


[Site "https://www.chess.com"]

[Event "Titled Tuesday Blitz April 26 Early 2022"]
[White "Nguyen, Hong Anh"]
[Black "Oparin, Grigoriy"]
[WhiteFideId "12406732"]
[BlackFideId "24125890"]
[WhiteElo "2016"]
[BlackElo "2665"]
[Result "0-1"]
[Round "04"]
[TimeControl "180+1"]
[Date "2022.04.26"]
[WhiteClock "0:00:26"]
[BlackClock "0:00:32"]

1. d4 Nf6 2. Nf3 e6 3. g3 d5 4. c4 Bb4+ 5. Bd2 a5 6. Bg2 dxc4 7. O-O O-O 8. Bg5 h6 9. Bxf6 Qxf6 10. Qc2 Nc6 11. Qxc4 e5 12. a3 Bd6 13. d5 Nd4 14. Nbd2 Nxf3+ 15. Bxf3 Bf5 16. Rac1 Qe7 17. Ne4 Bxe4 18. Bxe4 f5 19. Bg2 e4 20. e3 Rae8 21. Rfd1 g5 22. b4 axb4 23. axb4 h5 24. b5 b6 25. Qd4 h4 26. Rc6 Rf6 27. Rdc1 hxg3 28. hxg3 f4 29. Bxe4 fxg3 30. f3 Rh6 31. Rxd6 cxd6 32. Rc6 g4 33. Qc3 Qh4 0-1


[Site "https://www.chess.com"]

[Event "Titled Tuesday Blitz April 26 Early 2022"]
[White "Nurmanova, Alua"]
[Black "Okike, David"]
[WhiteFideId "13729390"]
[BlackFideId "8500134"]
[WhiteElo "1905"]
[BlackElo "2232"]
[Result "0-1"]
[Round "04"]
[TimeControl "180+1"]
[Date "2022.04.26"]
[WhiteClock "0:00:00"]
[BlackClock "0:00:45"]

1. e4 c5 2. Nf3 Nc6 3. d4 cxd4 4. Nxd4 Nf6 5. Nc3 d6 6. Bg5 a6 7. Qd2 e6 8. O-O-O Bd7 9. f4 h6 10. Bxf6 Qxf6 11. Nf3 Qd8 12. Bd3 Be7 13. e5 d5 14. Ne2 Qc7 15. Kb1 O-O-O 16. Ned4 Kb8 17. Rhe1 Na5 18. c3 Nc4 19. Qc2 g6 20. g4 h5 21. h3 hxg4 22. hxg4 Rc8 23. f5 gxf5 24. gxf5 Qb6 25. Ka1 Bc5 26. fxe6 fxe6 27. Rh1 Rhf8 28. Qe2 Rf7 29. Rh6 Rcf8 30. Bxc4 Bxd4 31. Nxd4 Rf2 32. Qxf2 Rxf2 33. Bb3 Bc8 34. Rf6 Rh2 35. Rf8 Qc7 36. Re1 Qe7 37. Rg8 Qf7 38. Rgg1 Qf2 39. Bc2 Rh5 40. Rgf1 Qg3 41. Nf3 Qg2 42. Kb1 b5 43. a3 a5 44. Nd4 b4 45. axb4 axb4 46. Nc6+ Kc7 47. Nxb4 Qg3 48. Rf7+ Kb6 49. Rf8 Bd7 50. Ref1 Qxe5 51. R1f7 Rh1+ 0-1


[Site "https://www.chess.com"]

[Event "Titled Tuesday Blitz April 26 Early 2022"]
[White "Oganian, Miran"]
[Black "Gunduz, Umut Erdem"]
[WhiteFideId "4122488"]
[BlackFideId "6381383"]
[WhiteElo "2823"]
[BlackElo "2547"]
[Result "1-0"]
[Round "04"]
[TimeControl "180+1"]
[Date "2022.04.26"]
[WhiteClock "0:00:15"]
[BlackClock "0:00:16"]

1. e4 e6 2. d4 d5 3. Nc3 dxe4 4. Nxe4 Bd7 5. Nf3 Bc6 6. Bd3 Nd7 7. O-O Ngf6 8. Qe2 Nxe4 9. Bxe4 Bxe4 10. Qxe4 c6 11. Bg5 Be7 12. Bf4 O-O 13. c4 Nf6 14. Qe2 Qa5 15. Be5 Rfd8 16. Rfe1 c5 17. d5 exd5 18. Bc3 Qb6 19. Qxe7 Re8 20. Bxf6 Rxe7 21. Bxe7 dxc4 22. Re2 Qc7 23. Rae1 h6 24. Bh4 b5 25. Bg3 Qa5 26. a3 c3 27. Be5 cxb2 28. Bxb2 c4 29. Ne5 Re8 30. Kf1 Re6 31. Re3 Qa4 32. f4 a5 33. f5 Rf6 34. Nd7 Rxf5+ 35. Kg1 h5 36. Rg3 Kh7 37. Rxg7+ Kh6 38. Rg3 c3 39. Bc1+ Rf4 40. Rf1 Qd4+ 41. Be3 Qxe3+ 42. Rxe3 Rd4 43. Rxc3 Rxd7 44. Rc5 Rb7 45. Rb1 b4 46. Rxa5 1-0


[Site "https://www.chess.com"]

[Event "Titled Tuesday Blitz April 26 Early 2022"]
[White "Olsen, Filip Boe"]
[Black "Rozman, Levy"]
[WhiteFideId "1440640"]
[BlackFideId "2039877"]
[WhiteElo "2188"]
[BlackElo "2376"]
[Result "0-1"]
[Round "04"]
[TimeControl "180+1"]
[Date "2022.04.26"]
[WhiteClock "0:00:05"]
[BlackClock "0:00:14"]

1. d4 d5 2. Nf3 Nf6 3. Bf4 Bg4 4. Ne5 h5 5. c4 e6 6. Nc3 dxc4 7. f3 Bf5 8. e4 Bh7 9. Bxc4 c6 10. Qb3 Qb6 11. O-O Nbd7 12. Rad1 Nxe5 13. Bxe5 Nd7 14. Bf4 Be7 15. Kh1 g5 16. Be3 Qxb3 17. Bxb3 O-O-O 18. d5 Nc5 19. Bxc5 Bxc5 20. dxe6 fxe6 21. Bxe6+ Kc7 22. Rxd8 Rxd8 23. Rd1 Bd6 24. Kg1 b5 25. a3 a5 26. Kh1 Bg6 27. Rc1 Kb6 28. Rd1 Kc7 29. g3 b4 30. axb4 axb4 31. Na4 g4 32. Kg2 Rf8 33. Bf5 Bxf5 34. exf5 Rxf5 35. f4 h4 36. b3 h3+ 37. Kf2 Ra5 38. Rc1 c5 39. Ke3 Kc6 40. Ke4 Ra8 41. Kd3 Re8 42. Rc2 Re1 43. Re2 Rg1 44. Nb2 Kd5 45. Nc4 Bc7 46. Ne3+ Kc6 47. Nxg4 Bb6 48. Ne5+ Kb5 49. Nf3 Rd1+ 50. Rd2 Rf1 51. Ng5 Rb1 52. Kc2 Rh1 53. Nxh3 c4 54. bxc4+ Kxc4 55. Ng5 b3+ 56. Kb2 Ba5 57. Nf3 Bc3+ 58. Ka3 Ra1+ 0-1


[Site "https://www.chess.com"]

[Event "Titled Tuesday Blitz April 26 Early 2022"]
[White "Omariev, Maksim"]
[Black "Van den Dikkenberg, Erik"]
[WhiteFideId "4193423"]
[BlackFideId "1005880"]
[WhiteElo "2490"]
[BlackElo "2118"]
[Result "1-0"]
[Round "04"]
[TimeControl "180+1"]
[Date "2022.04.26"]
[WhiteClock "0:00:22"]
[BlackClock "0:00:06"]

1. g4 d5 2. Bg2 e5 3. d4 e4 4. h3 Nc6 5. c4 Bb4+ 6. Nc3 Nge7 7. e3 h5 8. gxh5 Bf5 9. Bd2 Bxc3 10. Bxc3 dxc4 11. d5 Nxd5 12. Bxg7 Rg8 13. h6 Ncb4 14. Ne2 Nd3+ 15. Kf1 Qh4 16. Ng3 Nxe3+ 17. fxe3 Qxg3 18. Qe2 O-O-O 19. Kg1 Rd6 20. Rf1 Bh7 21. Rxf7 Rg6 22. Rh2 Ne1 23. Qf2 Qxf2+ 24. Kxf2 Nd3+ 25. Ke2 Rb6 26. h4 Bg6 27. Bh3+ Kb8 28. Re7 Bh5+ 29. Kd2 Rxg7 30. hxg7 Rxb2+ 31. Kc3 1-0


[Site "https://www.chess.com"]

[Event "Titled Tuesday Blitz April 26 Early 2022"]
[White "Omelja, Artem"]
[Black "Kotepalli, Sai Nirupama"]
[WhiteFideId "14119846"]
[BlackFideId "5039444"]
[WhiteElo "2382"]
[BlackElo "2386"]
[Result "1-0"]
[Round "04"]
[TimeControl "180+1"]
[Date "2022.04.26"]
[WhiteClock "0:00:08"]
[BlackClock "0:00:13"]

1. d4 g6 2. c4 Bg7 3. e4 d6 4. Nc3 Nf6 5. f3 O-O 6. Be3 Nfd7 7. Nge2 a6 8. Qd2 c6 9. h4 h5 10. g4 Nf6 11. gxh5 Nxh5 12. O-O-O Nd7 13. Nf4 Nxf4 14. Bxf4 e5 15. dxe5 dxe5 16. Bg5 f6 17. Be3 Qe7 18. h5 g5 19. h6 Bh8 20. h7+ Kf7 21. c5 Ke8 22. Bc4 Rb8 23. Na4 Ra8 24. Kb1 Rb8 25. Qh2 Kd8 26. Rd6 Kc7 27. Rhd1 Ra8 28. Re6 Qg7 29. Red6 Re8 30. Be6 Re7 31. Bxd7 Bxd7 32. Nb6 Rd8 33. R1d3 Qf7 34. Bd2 Kb8 35. Ba5 Qxh7 36. Qxh7 Rxh7 37. Nxd7+ Rdxd7 38. Rxd7 Rh1+ 39. Rd1 Rh2 40. Rd8+ Ka7 41. Bb6# 1-0


[Site "https://www.chess.com"]

[Event "Titled Tuesday Blitz April 26 Early 2022"]
[White "Onslow, Alfie"]
[Black "Saim, Mohamed Ilias"]
[WhiteFideId "436976"]
[BlackFideId "7900465"]
[WhiteElo "1884"]
[BlackElo "2006"]
[Result "1-0"]
[Round "04"]
[TimeControl "180+1"]
[Date "2022.04.26"]
[WhiteClock "0:02:24"]
[BlackClock "0:00:57"]

1. e4 c6 2. d4 d5 3. exd5 cxd5 4. Nf3 Nc6 5. Bb5 a6 6. Bxc6+ bxc6 7. Nc3 Bg4 8. h3 Bh5 9. g4 Bg6 10. Ne5 Qc7 11. Bf4 Qc8 12. h4 h5 13. Nxg6 fxg6 14. g5 e6 15. Qe2 Bb4 16. O-O-O Bxc3 17. bxc3 Qd7 18. Rhe1 Ne7 19. Qxe6 Qxe6 20. Rxe6 Kd7 21. Rd6+ Kc8 22. Re1 Rd8 23. Rxe7 Rxd6 24. Bxd6 1-0


[Site "https://www.chess.com"]

[Event "Titled Tuesday Blitz April 26 Early 2022"]
[White "Ovezdurdyyeva, Jemal"]
[Black "Hnydiuk, Aleksander"]
[WhiteFideId "14001888"]
[BlackFideId "1109057"]
[WhiteElo "1946"]
[BlackElo "2374"]
[Result "0-1"]
[Round "04"]
[TimeControl "180+1"]
[Date "2022.04.26"]
[WhiteClock "0:00:04"]
[BlackClock "0:00:06"]

1. e4 c5 2. Nf3 e6 3. d4 cxd4 4. Nxd4 Nc6 5. Nb5 d6 6. c4 Nf6 7. N1c3 a6 8. Nd4 Be7 9. Be3 O-O 10. Be2 Bd7 11. O-O Rc8 12. Rc1 Nxd4 13. Bxd4 Bc6 14. Bd3 Nd7 15. Qh5 g6 16. Qh3 Bf6 17. Bxf6 Qxf6 18. b3 Nc5 19. Bb1 Qf4 20. Rfe1 b5 21. cxb5 axb5 22. Ne2 Qe5 23. f4 Qb2 24. e5 Ne4 25. Rxc6 Rxc6 26. Bxe4 d5 27. Bd3 Qxa2 28. Bxb5 Rc2 29. Nd4 Rd2 30. Nf3 Rb2 31. Bf1 Qa7+ 32. Kh1 Qf2 33. Rd1 Rc8 34. Qh6 Rc7 35. Ng5 Qxf4 36. Qxh7+ Kf8 0-1


[Site "https://www.chess.com"]

[Event "Titled Tuesday Blitz April 26 Early 2022"]
[White "Petrovskyi, Vadym"]
[Black "Padmini, Rout"]
[WhiteFideId "14165210"]
[BlackFideId "5029295"]
[WhiteElo "2769"]
[BlackElo "2530"]
[Result "1-0"]
[Round "04"]
[TimeControl "180+1"]
[Date "2022.04.26"]
[WhiteClock "0:00:39"]
[BlackClock "0:00:07"]

1. e4 c5 2. Nf3 e6 3. d4 cxd4 4. Nxd4 a6 5. Bd3 Qc7 6. O-O Nf6 7. Qe2 Nc6 8. Nxc6 dxc6 9. e5 Nd7 10. f4 b5 11. c4 Bb7 12. Nc3 b4 13. Ne4 Nc5 14. Nxc5 Bxc5+ 15. Kh1 Bd4 16. f5 O-O-O 17. Bf4 c5 18. a3 g5 19. fxg6 hxg6 20. axb4 g5 21. Bg3 Rh3 22. Qg4 Rxg3 23. Qxg3 Bxe5 24. Qxg5 Rh8 25. h4 f6 26. Qg4 f5 27. Qg5 Bg3 28. h5 Be5 29. Rae1 Qf7 30. Be2 Bf6 31. Qg3 Rxh5+ 32. Bxh5 Qxh5+ 33. Kg1 Bd4+ 34. Rf2 Qf7 35. Qd6 Qd7 36. Qxd7+ Kxd7 37. bxc5 Bxc5 38. Kf1 Bxf2 39. Kxf2 Kd6 40. b4 Be4 41. Rd1+ Ke5 42. g3 Bc6 43. Ke3 Ba4 44. Ra1 Bc6 45. Rxa6 1-0


[Site "https://www.chess.com"]

[Event "Titled Tuesday Blitz April 26 Early 2022"]
[White "Piliczewski, Bogusz"]
[Black "Kuznetsov, Mikhail"]
[WhiteFideId "1104144"]
[BlackFideId "4117190"]
[WhiteElo "1896"]
[BlackElo "1981"]
[Result "0-1"]
[Round "04"]
[TimeControl "180+1"]
[Date "2022.04.26"]
[WhiteClock "0:00:16"]
[BlackClock "0:01:26"]

1. d4 Nf6 2. Nf3 g6 3. Bf4 Bg7 4. e3 O-O 5. Be2 d5 6. h3 c5 7. c3 Nc6 8. O-O Bf5 9. Nbd2 Rc8 10. Rc1 Ne4 11. Nxe4 dxe4 12. Nd2 cxd4 13. exd4 e5 14. dxe5 Nxe5 15. Bxe5 Bxe5 16. f4 Bc7 17. g4 Be6 18. Nxe4 Qh4 19. Rf3 Rfd8 20. Qe1 Qe7 21. f5 Bd5 22. Re3 Bb6 23. Qf2 Qxe4 24. Rxe4 Bxf2+ 25. Kxf2 Bxe4 0-1


[Site "https://www.chess.com"]

[Event "Titled Tuesday Blitz April 26 Early 2022"]
[White "Pinheiro, Iung Alicio de O."]
[Black "Petrova, Irina"]
[WhiteFideId "2104350"]
[BlackFideId "14124122"]
[WhiteElo "2474"]
[BlackElo "1993"]
[Result "0-1"]
[Round "04"]
[TimeControl "180+1"]
[Date "2022.04.26"]
[WhiteClock "0:00:01"]
[BlackClock "0:00:05"]

1. c4 e5 2. g3 Nc6 3. Bg2 g6 4. Nc3 Bg7 5. d3 d6 6. e4 f5 7. Nge2 Nf6 8. O-O O-O 9. Nd5 Nh5 10. exf5 Bxf5 11. h3 Be6 12. Be3 Qd7 13. Kh2 Rf7 14. Qd2 Raf8 15. Rae1 Nd8 16. Ndc3 c6 17. b3 d5 18. cxd5 cxd5 19. d4 e4 20. Na4 b6 21. Rc1 Nc6 22. Rc3 Ne7 23. Ng1 Nf5 24. Rfc1 Nxe3 25. Qxe3 Rxf2 26. Rc7 Qd8 27. R7c2 Rxc2 28. Rxc2 Qf6 29. Ne2 Qf7 30. Nac3 Nf6 31. Nb5 Rd8 32. Rc7 Rd7 33. Rc8+ Bf8 34. Nf4 Nh5 35. Nxh5 gxh5 36. Qg5+ Qg6 37. Qf4 Rf7 38. Qb8 Bxc8 39. Qxc8 Rg7 40. Qb8 e3 41. Nc3 Qd3 42. Bxd5+ Rf7 0-1


[Site "https://www.chess.com"]